Cogmind - Beta 15 @@@ ROGUE MODE // 2025.06.20 @ 15:15:29 Player: Quasar Result: Destroyed by S-10 Pest with Light Assault Rifle Performance ------------- Evolutions (1) 500 Regions Visited (3) 600 Robots Destroyed (47) 235 Value Destroyed (1408) 1408 Prototype IDs (1) 20 Alien Tech Used (0) 0 Bonus (207) 207 TOTAL SCORE: 2970 Bonus ------- Follower Combat Kills 207 Cogmind --------- Core Integrity 0/400 Matter 300/300 Energy 275/275 System Corruption 2% Temperature Cool (0) Movement Flying (450) Ox5 Location -9/Storage Parts ------- > --- POWER (1) -------- Deuterium Engine > --- PROPULSION (4) --- Aluminum Leg Flight Unit > --- UTILITY (2) ------ Small Storage Unit Sensor Array > --- WEAPON (2) ------- Beam Rifle Autogun > --- INVENTORY (8) ---- Light Ion Engine Improved Ion Engine Small Storage Unit High-capacity Battery (250) Backup Plating I Shield Generator Light EM Pulse Cannon Ion Cannon Peak State ------------ > --- POWER ------------ Deuterium Engine > --- PROPULSION ------- Improved Hover Unit Improved Hover Unit Improved Hover Unit Improved Hover Unit > --- UTILITY ---------- Small Storage Unit Backup Plating I > --- WEAPON ----------- Improved Light Cannon Grenade Launcher > --- INVENTORY -------- Deuterium Engine Improved Hover Unit High-capacity Battery Medium Matter Pod Sensor Array Ion Cannon Assault Rifle [Rating: 17] Favorites ----------- Power Ion Engine Engine Ion Engine Propulsion Aluminum Leg Treads Light Treads Leg Aluminum Leg Hover Unit Improved Hover Unit Flight Unit Flight Unit Utility Small Storage Unit Device Sensor Array Storage Small Storage Unit Protection Backup Plating I Weapon Beam Rifle Energy Gun Beam Rifle Energy Cannon Light EM Pulse Cannon Ballistic Gun Light Assault Rifle Ballistic Cannon Improved Light Cannon Launcher Grenade Launcher Slashing Weapon Mining Claw Build | -11 -10 -9 -9 ------- Run | Yrd Mat Mat Sto Slots Evolved 2 | . . 2 . Power . | . . . . Propulsion 2 | . . 2 . Utility . | . . . . Weapon . | . . . . Parts Attached 52 | 6 8 23 15 Power 5 | 1 1 2 1 Engine 5 | 1 1 2 1 Core . | . . . . Reactor . | . . . . Propulsion 26 | 2 3 13 8 Treads 3 | 2 . . 1 Leg 9 | . 3 5 1 Wheel . | . . . . Hover 9 | . . 8 1 Flight 5 | . . . 5 Utility 7 | 1 2 2 2 Device 1 | . 1 . . Storage 4 | 1 1 . 2 Processor . | . . . . Hackware . | . . . . Protection 2 | . . 2 . Artifact . | . . . . Weapon 14 | 2 2 6 4 Energy Gun 3 | 1 . 1 1 Energy Cannon 4 | . . 2 2 Ballistic Gun 4 | 1 1 1 1 Ballistic Cannon 1 | . . 1 . Launcher 1 | . . 1 . Special Weapon . | . . . . Impact Weapon . | . . . . Slashing Weapon 1 | . 1 . . Piercing Weapon . | . . . . Special Melee Weapon . | . . . . Unidentified Prototypes . | . . . . Parts Lost 17 | . 3 8 6 Power 2 | . 1 . 1 Propulsion 9 | . 1 4 4 Utility 2 | . . 2 . Weapon 4 | . 1 2 1 Highest Loss Streak 3 | . 1 2 3 To Critical Strikes . | . . . . Average Backups 6 | 3 6 7 6 Power 1 | . . 1 1 Propulsion . | 1 2 . . Utility 2 | . 1 3 2 Weapon 2 | 1 2 1 2 Tool/Special . | . . . . Unused Backups 11 | . 2 4 5 Power 4 | . . 2 2 Propulsion 1 | . . 1 . Utility 4 | . . 1 3 Weapon 2 | . 2 . . Tool/Special . | . . . . Average Slot Usage (%) 90 | . 95 96 83 Engine 11 | . 13 11 10 Treads 1 | . 6 . . Leg 14 | . 21 22 5 Hover 8 | . . 19 4 Flight 7 | . . . 18 Device 7 | . 8 3 11 Storage 12 | . 15 11 11 Protection 2 | . . 7 . Energy Gun 8 | . 11 4 9 Energy Cannon 3 | . . 4 4 Ballistic Gun 9 | . 15 9 6 Ballistic Cannon 1 | . . 1 1 Peak Build Rating 17 | 6 7 17 17 Average Rating 11 | 3 6 11 13 On Entrance 7 | . 6 7 16 Naked Turns . | . . . . Heaviest Build 25 | 14 16 25 25 Greatest Support 40 | 40 40 40 21 Greatest Overweight (x) 5 | . 1 2 5 Average Overweight (x) . | . . . 1 Largest Inventory Capacity 10 | 8 8 8 10 Average Capacity 7 | 6 8 8 8 Most Carried 8 | 6 8 8 8 Average Carried 6 | 3 6 7 6 Final Capacity 8 | 8 8 8 8 Final Carried 8 | 4 7 5 8 Class Distribution -------------------- 89% | Mutant 7% | Commander-Mutant 3% | Scavenger-Mutant Dominant Class ---------------- Mutant | -10/Materials Mutant | -9/Materials Mutant | -9/Storage Resources | -11 -10 -9 -9 ----------- Run | Yrd Mat Mat Sto Matter Collected 1521 | 208 274 479 560 Remotely . | . . . . Salvage Created 1664 | . 319 814 531 Parts 88 | . 21 39 28 Haulers Intercepted . | . . . . Recyclers Shooed . | . . . . Parts Field Recycled . | . . . . Retrieved Matter . | . . . . Parts Self-Destructed . | . . . . Prevented . | . . . . Kills | -11 -10 -9 -9 ------- Run | Yrd Mat Mat Sto Combat Hostiles Destroyed 39 | . 11 17 11 Melee 1 | . 1 . . Guns 20 | . 10 7 3 Cannons 13 | . . 7 6 AOE 4 | . . 3 1 Classes Destroyed 8 | . 3 4 1 Worker 1 | . . 1 . Operator 1 | . . 1 . Watcher 6 | . 1 3 2 Swarmer 10 | . 6 . 4 Grunt 16 | . 5 9 2 Brawler 1 | . . 1 . Duelist 1 | . . . 1 Sentry 11 | . . 7 4 Best Kill Streak 5 | . 5 3 3 Combat Bots Only 5 | . 5 3 3 Max Kills in Single Turn 1 | . 1 1 1 Gunslinging . | . . . . Exploded 1 | . . 1 1 Melee 1 | . 1 . . Uniques/NPCs Destroyed . | . . . . Combat | -11 -10 -9 -9 -------- Run | Yrd Mat Mat Sto Hostile Shots Fired 261 | . 58 109 94 Missed 63 | . 10 34 19 Hits 198 | . 48 75 75 Melee 4 | . . 4 . Projectile 194 | . 48 71 75 Critical Strikes 7 | . 1 3 3 Damage Taken 2434 | . 503 1156 775 Core 467 | . 61 208 198 Absorbed by Shields . | . . . . Regen/Repaired (Parts) 18 | . . 18 . Core Remaining (%) 87 | 100 75 . . Volleys Fired 179 | . 38 91 50 Largest 2 | . 2 2 2 Hottest 120 | . 60 93 120 Shots Fired 331 | . 74 167 90 Gun 207 | . 74 92 41 Cannon 110 | . . 61 49 Launcher 14 | . . 14 . Special . | . . . . Kinetic 176 | . 51 85 40 Thermal 91 | . . 52 39 Explosive 14 | . . 14 . Electromagnetic 50 | . 23 16 11 Robot Hit Streak 14 | . 5 14 6 Robot Miss Streak 10 | . 4 7 10 Penetration Max . | . . . . Secondary Targets 2 | . 2 . . Max Gunslinging Chain 1 | . 1 . . Shots Hit Robots 191 | . 44 106 41 Core Hits 78 | . 16 45 17 Critical Kills . | . . . . Critical Parts Destroyed 1 | . 1 . . Critical Strikes 7 | . 1 1 5 Burn 5 | . . . 5 Destroy 1 | . 1 . . Blast 1 | . . 1 . Melee Attacks 10 | . 10 . . Impact . | . . . . Slashing 10 | . 10 . . Piercing . | . . . . Sneak Attacks . | . . . . Combat Hostiles . | . . . . Follow-up Attacks . | . . . . Damage Inflicted 3144 | . 611 1784 749 Guns 1474 | . 493 572 409 Cannons 1255 | . . 960 295 Explosions 297 | . . 252 45 Melee 118 | . 118 . . Ramming . | . . . . Kinetic 1178 | . 301 601 276 Thermal 1184 | . . 791 393 Explosive 252 | . . 252 . Electromagnetic 412 | . 192 140 80 Impact . | . . . . Slashing 118 | . 118 . . Piercing . | . . . . Highest Corruption 2 | . . 2 2 Average Corruption 2 | . . 2 2 Corruption Purged . | . . . . Corruption Blocked . | . . . . Effects 40 | . . 9 31 Message Errors 14 | . . 5 9 Matter Fused 11 | . . 2 9 Heat Flow Errors 4 | . . 1 3 Energy Discharges 4 | . . . 4 Data Loss (minor) 1 | . . 1 . Data Loss (major) 1 | . . . 1 Misfires 3 | . . . 3 Alerts 1 | . . . 1 Weapon Failures 1 | . . . 1 Overload Shots . | . . . . Overflow Damage 46 | . 9 22 15 Projectiles 25 | . . 10 15 Explosions 12 | . . 12 . Melee 9 | . 9 . . Knockbacks 1 | . . 1 . Impact . | . . . . Kinetic 1 | . . 1 . Secondary . | . . . . Self-Inflicted Damage 79 | . . 46 33 Shots 3 | . . 2 1 Rammed . | . . . . Targets Rammed . | . . . . Kicked . | . . . . Crushed . | . . . . Highest Temperature 521 | . 70 521 430 Average Temperature 119 | . 25 142 106 Received Heat Transfer 558 | . 126 354 78 Effects 13 | . . 9 4 Shutdowns 2 | . . 1 1 Energy Bleed 3 | . . 1 2 Interference 3 | . . 2 1 Matter Decay 1 | . . 1 . Short Circuit 2 | . . 2 . Damage (minor) 2 | . . 2 . Siege Activations . | . . . . Martial Activations . | . . . . Shielding Activations . | . . . . Robots Disrupted . | . . . . Combat Hostiles . | . . . . Robots Corrupted 1 | . . . 1 Combat Hostiles . | . . . . Parts Fried 1 | . . . 1 Impact Corruptions . | . . . . Robots Melted 1 | . . . 1 Combat Hostiles 1 | . . . 1 Parts Melted 9 | . . 3 6 Heat Transferred 2653 | . . 1406 1247 Parts Sabotaged . | . . . . Parts Stolen . | . . . . Parts Stripped . | . . . . Power Chain Reactions 1 | . . . 1 Alert | -11 -10 -9 -9 ------- Run | Yrd Mat Mat Sto Maximum Alert Level . | . . . . Low Security (%) 100 | 100 100 100 100 Level 1 . | . . . . Level 2 . | . . . . Level 3 . | . . . . Level 4 . | . . . . Level 5 . | . . . . High Security . | . . . . Max Security . | . . . . Peak Influence 176 | . 112 176 163 Initial 74 | . . 14 74 Average 55 | . 25 51 74 Influence Increases 1780 | . 320 772 688 Destroy 0b10 Robot/C 920 | . 220 340 360 Destroy 0b10 Robot/NC 45 | . 5 25 15 Destroy Leader 302 | . 42 126 134 Allied During Kill 66 | . . . 66 Successful Hack 38 | . 8 19 11 Select Force Hacks 30 | . . 30 . Disable Machine 90 | . 15 15 60 Destroy Structure 109 | . . 82 27 Partial Spotted 30 | . . 30 . Lose Combat Pursuer 150 | . 30 105 15 Influence Decreases 1780 | . 284 632 864 Entered New Map 124 | . . 22 102 Time Decay 1256 | . 254 390 612 Lost Part 150 | . 30 70 50 Lost Ally 100 | . . . 100 Purge Threat 150 | . . 150 . Squads Dispatched 9 | . 1 5 3 Investigation 4 | . . 3 1 Extermination . | . . . . Reinforcement 5 | . 1 2 2 Assault . | . . . . Garrison . | . . . . Intercept . | . . . . Searches Triggered . | . . . . Construction Impeded . | . . . . Haulers Reinforced . | . . . . Active Scanning Responses . | . . . . Cargo Convoy Interrupts . | . . . . Stealth | -11 -10 -9 -9 --------- Run | Yrd Mat Mat Sto Distress Signals 9 | . 1 5 3 Communications Jammed . | . . . . Distress Signals . | . . . . Times Spotted 92 | . 25 41 26 Peak Tracking Total 7 | . 7 5 6 Tactical Retreats 8 | . 2 5 1 Traps | -11 -10 -9 -9 ------- Run | Yrd Mat Mat Sto Traps Triggered 4 | . 1 1 2 Indirectly . | . . . . Trap Hack Attempts . | . . . . Triggered . | . . . . Disarmed . | . . . . Reprogrammed . | . . . . Reused . | . . . . Traps Extracted . | . . . . Installed . | . . . . Triggered . | . . . . Machines | -11 -10 -9 -9 ---------- Run | Yrd Mat Mat Sto Machines Disabled 6 | . 1 1 4 Max in Single Turn 1 | . 1 1 1 Machines Repaired . | . . . . Machines Dismantled . | . . . . Machines Sabotaged . | . . . . Overloaded Fab Kills . | . . . . Hacking | -11 -10 -9 -9 --------- Run | Yrd Mat Mat Sto Machines Accessed 21 | . 4 9 8 Terminals 15 | . 3 5 7 Fabricators . | . . . . Repair Stations 2 | . . 1 1 Recycling Units 2 | . 1 1 . Scanalyzers 2 | . . 2 . Garrison Access . | . . . . Total Hacks 66 | . 13 30 23 Successful 32 | . 7 17 8 Failed 34 | . 6 13 15 Catastrophic 6 | . 2 . 4 Database Lockouts . | . . . . Manual 44 | . 7 21 16 Terminals 44 | . 7 18 19 Fabricators . | . . . . Repair Stations 10 | . . 6 4 Recycling Units 7 | . 6 1 . Scanalyzers 5 | . . 5 . Garrison Access . | . . . . Terminal Hacks 2 | . . 1 1 Open Door 1 | . . . 1 Unreport Threat 1 | . . 1 . Fabricator Hacks . | . . . . Repair Station Hacks 5 | . . 3 2 Scan Component 2 | . . 1 1 Repair 2 | . . 1 1 Refit 1 | . . 1 . Recycling Unit Hacks 5 | . 4 1 . Recycle Component 2 | . 2 . . Process 1 | . 1 . . Retrieve Matter 1 | . 1 . . Retrieve Components 1 | . . 1 . Scanalyzer 2 | . . 2 . Insert Component 1 | . . 1 . Analyze 1 | . . 1 . Garrison Access Hacks . | . . . . Unauthorized Hacks 18 | . 3 10 5 Terminals 15 | . 3 7 5 Track 2 | . . 1 1 Assimilate 2 | . . 1 1 Botnet 10 | . 3 4 3 Operators 1 | . . 1 . Fabricators . | . . . . Repair Stations 1 | . . 1 . Mechanics 1 | . . 1 . Recycling Units . | . . . . Scanalyzers 2 | . . 2 . Researchers 1 | . . 1 . Extract 1 | . . 1 . Garrison Access . | . . . . Data Cores Recovered . | . . . . Used . | . . . . Hacking Detections 18 | . 4 6 8 Full Trace Events 7 | . 1 2 4 Feedback Events . | . . . . Feedback Blocked . | . . . . Robot Schematics Acquired . | . . . . Robots Built . | . . . . Authchips . | . . . . Time . | . . . . Total Robot Build Rating . | . . . . Part Schematics Acquired 2 | . . 2 . Parts Built . | . . . . Authchips . | . . . . Time . | . . . . Total Part Build Rating . | . . . . Parts Repaired 1 | . . 1 . Time 58 | . . 26 32 Parts Recycled 2 | . 2 . . Recycled Matter 600 | . 600 . . Retrieved Matter . | . . . . Retrieved Components 9 | . . 9 . Parts Scanalyzed 1 | . . 1 . Part Schematics Acquired 1 | . . 1 . Parts Damaged . | . . . . Bothacking | -11 -10 -9 -9 ------------ Run | Yrd Mat Mat Sto Used RIF Installer . | . . . . Robots Hacked . | . . . . Non-combat . | . . . . Combat . | . . . . Robot Hacks Applied . | . . . . Relay Couplers Released . | . . . . Fabnet Peak Effective % . | . . . . Robots Rewired . | . . . . Allies Hacked . | . . . . Hacks Repelled . | . . . . Allies | -11 -10 -9 -9 -------- Run | Yrd Mat Mat Sto Total Allies 10 | . . . 10 Largest Group 10 | . . . 10 Highest-Rated Group 88 | . . . 88 Highest-Rated Ally 16 | . . . 16 Total Orders . | . . . . Ally Attacks 59 | . . . 59 Total Damage 886 | . . . 886 Kills 11 | . . . 11 Allies Corrupted . | . . . . Allies Melted . | . . . . Intel | -11 -10 -9 -9 ------- Run | Yrd Mat Mat Sto Active Infowar (turns) 3078 | . 579 522 1977 Sensors 3078 | . 579 522 1977 Robot Analysis Total . | . . . . Derelict Logs Recovered . | . . . . Drone Launches . | . . . . Drone Recoveries . | . . . . Exploration | -11 -10 -9 -9 ------------- Run | Yrd Mat Mat Sto Turns Passed 4788 | 68 986 1723 2011 Spaces Moved 2199 | 37 412 795 955 Core 5 | 5 . . . Treads 113 | 32 77 . 4 Legs 712 | . 335 301 76 Wheels . | . . . . Hover 645 | . . 494 151 Flight 724 | . . . 724 Fastest Speed 48 | 50 120 48 112 Average Speed 134 | 145 127 83 179 Slowest Speed 450 | 160 190 190 450 Overloaded Moves . | . . . . Propulsion Burnouts . | . . . . Robots Hopped . | . . . . Potential Cave-ins . | . . . . Cave-ins Triggered . | . . . . Exploration Rate (%) 54 | 3 64 62 87 Regions Visited 3 Branch Regions 1 Pre-discovered Areas . | . . . . Known Exits Taken . | . . . . Unknown Exits Taken 3 | 1 1 1 . Scrap Searched . | . . . . Spaces Dug . | . . . . Terrain Destroyed 98 | . . 87 11 Melee . | . . . . Projectile 8 | . . 1 7 AOE 90 | . . 86 4 Terrain Rammed . | . . . . Walls Destroyed . | . . . . Machines Disabled . | . . . . Actions | -11 -10 -9 -9 --------- Run | Yrd Mat Mat Sto Total 3691 | 50 783 1701 1157 Wait 1155 | . 294 756 105 Move 2196 | 36 411 794 955 Hop . | . . . . Pick Up 55 | 8 15 16 16 Fast Attach 11 | 2 . 7 2 Attach 25 | 4 5 10 6 Detach . | . . . . Swap 28 | . 4 10 14 Drop 32 | . 6 17 9 Fire 179 | . 38 91 50 Melee 10 | . 10 . . Ram . | . . . . Kick . | . . . . Crush . | . . . . Escape Stasis . | . . . . Rewire . | . . . . Trap . | . . . . Miscellaneous . | . . . . Route ------- -11/Scrapyard -10/Materials (discovered 2 exits: *Mat / [*Min]) -9/Materials (discovered 2 exits: [*Mat] / *Sto) -9/Storage (discovered 1 exit: [*Mat]) History --------- Turn | Location | Event 9 | -11/Scrapyard | Discovered new exit (range 16) 69 | -11/Scrapyard | Entered Materials 319 | -10/Materials | Build established: Mutant 392 | -10/Materials | Discovered new exit (range 8) 1025 | -10/Materials | Discovered new exit (range 16) 1055 | -10/Materials | Entered another Materials area 1055 | -9/Materials | Evolved 2 slots: Propulsion x2 1490 | -9/Materials | Repaired Sensor Array 2678 | -9/Materials | Discovered new exit (range 14) 2707 | -9/Materials | Discovered new exit (range 11) 2735 | -9/Materials | Core integrity fell below 50% 2778 | -9/Materials | Entered Storage 2950 | -9/Storage | Lost 3 parts (1p2n) 3071 | -9/Storage | Assisted by bots powering up and referring to "LRC-V3" 3281 | -9/Storage | Lost 3 allies 3383 | -9/Storage | Build established: Commander-Mutant 3449 | -9/Storage | Lost 4 allies 3515 | -9/Storage | Core integrity fell below 20% 3715 | -9/Storage | Build established: Mutant 4740 | -9/Storage | Discovered new exit (range 16) 4789 | -9/Storage | Destroyed by S-10 Pest with Light Assault Rifle Last Messages --------------- W-16 Scout destroyed. K-01 Serf collects debris. K-01 Serf cleans the Transfer Shaft. Acquired 29 matter. Acquired 25 matter. K-01 Serf cleans the Transfer Shaft. 4MNEPVJTE6O3PDMMRK7SLMNCW| K-01 Serf cleans the Transfer Shaft. Acquired 8 matter. NLV|GRDVWX3>QY9KNGYQVW%HUJRLE|Z&>Open(Door) Sealed Heavy Doors opened. Dropped Ion Cannon. Acquired Shield Generator. EXIT=FOUND C-30 ARC bursts open, deploying its payload. S-10 Pest unfolds itself. VTOL Module destroyed. Map ----- +----------------------------------------------------+ | | | | | | | | | | | | | | | | | | | | | | | | | | | ?????????????????###########??????? | | ?????????????????# #??????? | | ?????????????????# #??????? | | ?????????????????# #??????? | | ?#####???????????# #??????? | | ?# #???????????###+#####+#??????? | | ?# < #?????????????# #???# #??????? | | ?# #?????????????# #???# #??????? | | ?# #?????????????# #???# #??????? | | ?# #?????????????# #???# #??????? | | ?# #?????????????# #???# #??????? | | ?# ########+###### ##### ######## | | ?# % s @ | | ?# s s #### | | ?# #??#? | | ?# #####+##+##??# #### | | ?# #????????????# #??? | | ?# #????????????# #??? | | ?# #????????????# #??? | | ?# #????????????############ #??? | | ?# #???????????????????????# #??? | | ?# #???????????????????????# #??? | | ?# #???????????????????????# #??? | | ?# #????????????????#####?## ##?? | | ?# #????????????????# ### %### | | ?# #????????????????# % T % | | ?# #####????????????# ### ##% | | ?# # ##???????????## #####+### | | ?# + T#?????????#### ## [ # | | ?# ## ]##?????????# ## # | | ?# ##! #??????????# ## ! # | | ?# ##!!#??????????# ## | + | | ?# ##!!#??????????# ## !! # | | ?# #####??????????# ## # | | ?# #??????????????# ######### | | ?# #??????????????# ######## | | ?# ################ | +----------------------------------------------------+ Best States ------------- Heat Dissipation 28 Energy Generation 14 Energy Capacity 275 Matter Stores 300 Matter Capacity 400 Sight Range 16 Robot Scan Range 14 Terrain Scan Density 10 Armor Coverage 150 Evasion (%) 55 Recoil Reduction 2 Item Schematics ----------------- Adv. Beam Cannon | -9/Materials | Scanalyzed Autogun | -9/Materials | Extracted Robot Schematics ------------------ None Fabricated ------------ Nothing Repaired ---------- Sensor Array | 10% | -9/Materials Alien Tech Used ----------------- None Achievements -------------- Brute Force Safety First The More The Merrier Challenges ------------ None Game ------ Seed NetworkImprovedBeam Manual? 0 Play Time 00:54:39 Cumulative 7.6 hours Start 2025.06.20 @ 14:20:53 End 2025.06.20 @ 15:15:29 Sessions 1 Manual Loads 0 Difficulty Rogue Special Mode None Game No. 7 Rogue 1 Adventurer 6 Explorer 0 Win Type - Total 0 Types 0/0/0/0/0/0/0/0/0/0 Lore% 7 Gallery% 11 Achievement% 16 Wizard Run 0 Options --------- Layout 0 ASCII 0 Keyboard 0 Movement Mouse Keybinds 0 Fullscreen 1 Font 18/SmallcapsGlow Map View 38x25 Zoom Use 99% Tactical HUD 0 Map Filters NONE Filters NONE Steam 1 RUN: bf8f6ba2-a970-4e3e-a9e4-b4ce44199052